 Dungeon Crawl Stone Soup version 0.30-a0-965-g42e074c17a (webtiles) character file.

Game seed: 13920955440668391036

146 BlueFish the Sneak (level 5, -3/78 HPs)
             Began as an Octopode Warper on Mar 30, 2023.
             Succumbed to a water moccasin's poison
             ... on level 4 of the Dungeon.
             The game lasted 00:04:48 (3418 turns).

BlueFish the Sneak (Octopode Warper)                Turns: 3418, Time: 00:04:49

Health: -3/78      AC: 22    Str: 12    XL:     5   Next: 28%
Magic:  3/9        EV:  2    Int: 16    God:
Gold:   98         SH:  0    Dex: 11    Spells: 2/9 levels left

rFire   . . .      SeeInvis .      - Unarmed
rCold   . . .      Faith    .    (no shield)
rNeg    . . .      Spirit   .    (helmet currently unavailable)
rPois   +          Reflect  .    (no amulet)
rElec   .          Rampage  .    (no ring)
rCorr   .          NoTele   +    (no ring)
Will    .....                    (no ring) Stlth
                                 (no ring)
HPRegen 0.33/turn                (no ring)
MPRegen 0.11/turn                (no ring)
                                 (no ring)
                                 (no ring)

@: berserking, lethally poisoned (-3 -> -31), tree-form, very slightly
contaminated, very quick
A: stationary, stasis, torment immunity, boosted hp, almost no armour,
(amphibious), 8 rings, (camouflage 1), (gelatinous body 1), (nimble swimmer 1),
(tentacles), high MP 1, (electricity resistance), (teleportitis 1)
a: no special abilities


You were on level 4 of the Dungeon.
You were a tree.
You visited 1 branch of the dungeon, and saw 4 of its levels.

You collected 98 gold pieces.

Inventory:

Missiles
 b - 7 boomerangs of dispersal
 e - 28 stones (quivered)
Jewellery
 q - an amulet of faith
Scrolls
 a - 2 scrolls of blinking
 c - a scroll of teleportation
 h - a scroll of amnesia {unknown}
 i - a scroll of fear {unknown}
 j - a scroll of magic mapping {unknown}
 l - a scroll of enchant armour {unknown}
 m - a scroll of immolation
 n - a scroll of enchant weapon {unknown}
Potions
 d - 2 potions of flight
 f - a potion of resistance
 g - 2 potions of attraction
 o - a potion of mutation
 p - a potion of lignification


   Skills:
 + Level 2.7 Fighting
 + Level 1.8 Throwing
 + Level 2.7 Dodging
 * Level 3.4 Stealth
 + Level 2.5 Unarmed Combat
 + Level 2.6 Spellcasting
 + Level 3.3 Translocations


You had 2 spell levels left.
You knew the following spells:

 Your Spells              Type           Power      Damage    Failure   Level
a - Blink                 Tloc           24%        N/A       8%          2
b - Lesser Beckoning      Tloc           24%        N/A       8%          2
c - Teleport Other        Tloc           12%        N/A       16%         3

Your spell library contained the following spells:

 Spells                   Type           Power      Damage    Failure   Level
 Gell's Gravitas          Tloc           12%        N/A       16%         3
 Vhi's Electric Charge    Tloc/Air       14%        N/A       30%         3
 Manifold Assault         Tloc           12%        N/A       45%         4
 Yara's Violent Unravell  Hex/Tmut       1%         3d3       99%         5
 Enfeeble                 Hex            1%         N/A       100%        7


Dungeon Overview and Level Annotations

Branches:
Dungeon (4/15)
 Temple: D:4-7

Altars:
Makhleb
Xom
Yredelemnul

Annotations:
D:3 1 transporter, epsilonplus's ghost, amateur MiHu


Innate Abilities, Weirdness & Mutations

You are a tree.
Your roots penetrate the ground, keeping you stationary.
You cannot be teleported.
You are immune to unholy pain and torment.
Your maximum health is greatly increased.
You cannot wear most types of armour.
((You are amphibious.))
You can wear up to eight rings at the same time.
((Your skin changes colour to match your surroundings (Stealth+).))
((Your rubbery body absorbs attacks. (AC +1, EV +1)))
((You are camouflaged when in or above water. (Stealth+)))
((You have tentacles for arms and can constrict up to eight enemies at once.))
You have an increased reservoir of magic. (+10% MP)
((You are resistant to electric shocks. (rElec)))
((You are occasionally teleported next to monsters.))


Message History

You kill the orc!
You constrict the hobgoblin. The water moccasin barely misses you.
The hobgoblin completely misses you. The water moccasin bites you.
You are poisoned.
The water moccasin poisons you!
You tentacle-slap the hobgoblin but do no damage.
The hobgoblin is almost dead.
You constrict the hobgoblin.
You kill the hobgoblin!
You feel very sick. The water moccasin closely misses you.
You barely miss the water moccasin. Your grab misses the water moccasin.
You feel very sick.
The water moccasin completely misses you.
You tentacle-slap the water moccasin. Your grab misses the water moccasin.
Your tentacle-slap misses the water moccasin.
Your squeeze misses the water moccasin.
The water moccasin is lightly wounded.
You feel sick.
The water moccasin completely misses you.
The water moccasin bites you.
You are lethally poisoned!
The water moccasin poisons you!
It was a potion of mutation.
You feel extremely strange.
You feel insulated.
You feel weirdly uncertain.
You feel more energetic.
You feel very sick. The water moccasin bites you.
* * * LOW HITPOINT WARNING * * *
You are more poisoned.
The water moccasin poisons you!
It was a potion of lignification.
You turn into a tree.
Your roots penetrate the ground.
* * * LOW HITPOINT WARNING * * *
You feel extremely sick. The water moccasin bites you.
* * * LOW HITPOINT WARNING * * *
It was a potion of berserk rage.
A red film seems to cover your vision as you go berserk!
You feel yourself moving faster!
You feel mighty!
You die...

# ## ##. ..## #.##...
.... ....... . ##...
###.....## ..#..##
#......... ..... #
#.......~..##...##
#♣=....~~~#......#
#S)?...~♣ ........
.............~OP......##
##.#..>#...##.P......###
......##.## ........#.
#..... .. ........
#...... ..> ....###.
#...... #... .. ###
##..$.. #... #..


You could see a two-headed ogre (wandering) and a water moccasin.

Vanquished Creatures
  A hound (D:3)
  An orc wizard (D:3)
  An adder (D:3)
  A worm (D:2)
  A dart slug (D:3)
  5 orcs
  7 bats
  4 endoplasms
  2 giant cockroaches
  4 goblins
  7 hobgoblins
  4 jackals
  8 kobolds
  5 quokkas
  6 ball pythons
  4 frilled lizards
  8 rats
69 creatures vanquished.

Vanquished Creatures (others)
  3 plants (D:2)
3 creatures vanquished.

Grand Total: 72 creatures vanquished

Notes
Turn   | Place    | Note
-------+----------+-------------------------------------------
     0 | D:1      | BlueFish the Octopode Warper began the quest for the Orb.
     0 | D:1      | Reached XP level 1. HP: 14/14 MP: 3/3
   137 | D:1      | Reached skill level 1 in Stealth
   162 | D:1      | Reached XP level 2. HP: 19/19 MP: 5/5
   165 | D:1      | Learned a level 2 spell: Blink
   168 | D:1      | Learned a level 2 spell: Lesser Beckoning
   663 | D:1      | Reached XP level 3. HP: 23/24 MP: 6/6
  1470 | D:2      | Found a basalt altar of Yredelemnul.
  2077 | D:2      | Found a faded altar of an unknown god.
  2525 | D:3      | Reached XP level 4. HP: 25/30 MP: 7/7
  2529 | D:3      | Learned a level 3 spell: Teleport Other
  2558 | D:3      | Found a shimmering altar of Xom.
  2764 | D:3      | Found a burning altar of Makhleb.
  2826 | D:3      | Reached XP level 5. HP: 30/35 MP: 8/8
  3249 | D:3      | Found a transporter.
  3252 | D:3      | Noticed epsilonplus's ghost (amateur MiHu)
  3254 | D:3      | Noticed an ogre
  3255 | D:3      | Noticed an ogre
  3351 | D:4      | Noticed a two-headed ogre
  3406 | D:4      | Noticed a water moccasin
  3416 | D:4      | Gained mutation: You are resistant to electric shocks.
                  | (rElec) [potion of mutation]
  3416 | D:4      | Gained mutation: You are occasionally teleported next to
                  | monsters. [potion of mutation]
  3416 | D:4      | Gained mutation: You have an increased reservoir of magic.
                  | (+10% MP) [potion of mutation]
  3417 | D:4      | HP: 2/52 [water moccasin (2)]
  3418 | D:4      | Succumbed to a water moccasin's poison

Illustrated notes

Levels and vault maps discovered:
D:1:      dpeg_arrival_three_same_balls, layout_loops_ring, serial_forest,
          infiniplex_forest_end_1, infiniplex_forest_clump_curved,
          infiniplex_forest_straight_3, infiniplex_forest_lined_room_,
          infiniplex_forest_side_room, infiniplex_forest_lined_corner
D:2:      wad_crossroads, layout_basic, dilly_ecumenical_altar_fadedgnrine,
          basic_altar
D:3:      layout_basic, lemuel_tele_altar, lemuel_crystal_altar,
          gammafunk_ghost_smash
D:4:      layout_cave_pools, serial_bayou, serial_bayou_pond_e,
          serial_bayou_crossing, serial_bayou_pond_e, serial_bayou_shore_a

Skill      XL: |  1  2  3  4 |
---------------+-------------+-----
Stealth        | 1 2 3 |  3.4
Fighting       | |  2.7
Throwing       | |  1.8
Dodging        | |  2.7
Unarmed Combat | |  2.5
Spellcasting   | |  2.6
Translocations | |  3.3

Action                     |  1- 3 |  4- 6 || total
---------------------------+-------+-------++-------
  Melee: Unarmed           |   115 |    43 ||   158
         Constrict         |    35 |    10 ||    45
         Tentacles         |    21 |    12 ||    33
         Punch             |     2 |     1 ||     3
   Cast: Teleport Other    |       |     2 ||     2
    Use: Scroll            |     3 |     2 ||     5
         Potion            |       |     3 ||     3
   Stab: Sleeping          |    15 |     3 ||    18
 Armour: Skin              |    12 |     3 ||    15
  Dodge: Dodged            |    65 |    25 ||    90

Table legend: (Time is in decaauts)
 A = Elapsed time spent in this place.
 B = Non-inter-level travel time spent in this place.
 C = Inter-level travel time spent in this place.
 D = Time resting spent in this place.
 E = Time spent auto-exploring this place.
 F = Levels seen in this place.
 G = Mean time per level.
                   A        B        C        D        E       F      G
               +--------+--------+--------+--------+--------+-----+--------+
         Total |   3411 |   3249 |    162 |     33 |   2734 |   4 |  852.8 |
       Dungeon |   3411 |   3249 |    162 |     33 |   2734 |   4 |  852.8 |
               +--------+--------+--------+--------+--------+-----+--------+

Top non-repeatable levels by time:
     D:2: 1184 daAuts
     D:3: 1117 daAuts
     D:1: 1055 daAuts
     D:4: 53 daAuts
